 Dungeon Crawl Stone Soup version 0.31-a0-237-g2d982f9f85 (webtiles) character file.

Game seed: 6572186738489791642

313 qw the Shooter (level 6, -3/52 HPs)
             Began as a Minotaur Hexslinger on July 10, 2023.
             Slain by a hound (5 damage)
             ... on level 4 of the Dungeon.
             The game lasted 00:00:58 (2544 turns).

qw the Shooter (Minotaur Hexslinger)                Turns: 2544, Time: 00:00:59

Health: -3/52      AC:  7    Str: 12    XL:     6   Next: 19%
Magic:  6/6        EV: 11    Int: 10    God:
Gold:   46         SH:  0    Dex: 21    Spells: 6/7 levels left

rFire   . . .        c - +10 shortbow of Egomania {freeze, rN++ Will- SInv Stlth+}
rCold   . . .        (shield currently unavailable)
rNeg    + + .        g - +0 ring mail
rPois   .            (helmet restricted)
rElec   .            (no cloak)
rCorr   .            (no gloves)
SInv    +            f - +1 pair of boots
Will    .....        (no amulet)
Stlth   ++           i - +6 ring of dexterity
HPRegen 0.28/turn    (no ring)
MPRegen 0.10/turn

%: no passive effects
@: about to teleport
A: horns 2, retaliatory headbutt
a: no special abilities


You were on level 4 of the Dungeon.
You visited 1 branch of the dungeon, and saw 4 of its levels.

You collected 46 gold pieces.


Innate Abilities, Weirdness & Mutations

You have a pair of horns on your head.
You reflexively headbutt those who attack you in melee.


   Skills:
 - Level 4.0 Fighting
 + Level 6.1 Ranged Weapons
 - Level 1.0 Armour
 - Level 2.1 Dodging
 - Level 1.0 Spellcasting
 - Level 2.0 Hexes


You had 6 spell levels left.
You knew the following spells:

 Your Spells              Type           Power      Damage    Failure   Level
a - Slow                  Hex            16%        N/A       34%         1

Your spell library contained the following spells:

 Spells                   Type           Power      Damage    Failure   Level
 Inner Flame              Hex/Fire       2%         N/A       83%         3
 Portal Projectile        Hex/Tloc       4%         N/A       83%         3
 Cause Fear               Hex            2%         N/A       98%         4

Inventory:

Hand Weapons
 c - the +10 shortbow of Egomania (weapon) {freeze, rN++ Will- SInv Stlth+}
   (You acquired it on level 3 of the Dungeon)

   rN:        It greatly protects you from negative energy.
   SInv:      It lets you see invisible.
   Will:      It decreases your willpower.
   Stlth:     It makes you more stealthy.
Armour
 f - a +1 pair of boots (worn)
 g - a +0 ring mail (worn)
Jewellery
 i - a +6 ring of dexterity (left hand)
Potions
 a - a potion of curing {unknown}
 b - a potion of resistance {unknown}
 e - a potion of heal wounds {unknown}

Dungeon Overview and Level Annotations

Branches:
Dungeon (4/15)
 Temple: D:4-7

Altars:
Dithmenos


Message History

The hound bites you but does no damage. The hound bites you.
You shoot an arrow. The arrow barely misses the orc wizard.
The hound closely misses you. The hound completely misses you.
The orc wizard gestures at you while chanting.
You are confused.
The hound barely misses you. The hound closely misses you.
The orc wizard hits you but does no damage.
The hound bites you but does no damage. The hound closely misses you.
The orc wizard misses you.
The hound bites you but does no damage. x4
The orc wizard completely misses you. The hound bites you.
The hound closely misses you. The orc wizard closely misses you.
The hound misses you.
The hound bites you but does no damage. x2
The hound misses you.
The orc wizard points at you and mumbles some strange words.
You resist with significant effort. The hound closely misses you.
The hound bites you but does no damage.
The orc wizard hits you but does no damage.
The hound closely misses you. The hound bites you but does no damage.
The hound barely misses you. The hound bites you.
The orc wizard hits you with a +0 dagger.
You feel less confused. The hound barely misses you.
The hound completely misses you. You furiously retaliate!
You headbutt the hound. The orc wizard closely misses you.
2542 ||| READING scroll of teleportation.
As you read the scroll of teleportation, it crumbles to dust.
You feel strangely unstable. The hound bites you but does no damage.
The hound bites you. The hound barely misses you. You furiously retaliate!
You headbutt the hound! The hound bites you but does no damage.
The orc wizard barely misses you. You furiously retaliate!
You headbutt the orc wizard. You shoot an arrow. The arrow hits the orc wizard!
The arrow freezes the orc wizard.
You kill the orc wizard!
The hound closely misses you.
The hound bites you but does no damage. x3
You shoot an arrow. The arrow misses the hound.
The hound bites you.
You die...

..............
#............
............#
..#..........##
..#...(.......#.
...............w
>.......).......
.......Jh#
.......h@#
........##
#.......<#
#....#...#
#....##.## #...
### ###


You could see 2 hounds and an endoplasm.

Vanquished Creatures
  An orc priest (D:4)
  Terence (D:3)
  2 orc wizards (D:4)
  An iguana (D:3)
  Natasha (thrice) (D:3)
  4 gnolls (D:3)
  2 adders
  A dart slug (D:2)
  2 orcs (D:4)
  5 bats
  4 endoplasms
  2 giant cockroaches
  4 goblins
  6 hobgoblins
  5 kobolds
  A quokka (D:2)
  2 ball pythons (D:2)
  6 frilled lizards
  4 rats
56 creatures vanquished.

Notes
Turn   | Place    | Note
-------+----------+-------------------------------------------
     0 | D:1      | qw the Minotaur Hexslinger began the quest for the Orb.
     0 | D:1      | Reached XP level 1. HP: 16/16 MP: 1/1
     0 | D:1      | 0 ||| qw: Version: 0.3-a-52-g30416fa
     0 | D:1      | 0 ||| qw: Game counter: 5051
     0 | D:1      | 0 ||| qw: Melee chars always use a shield: true
     0 | D:1      | 0 ||| qw: God list: Okawaru
     0 | D:1      | 0 ||| qw: Allow faded altars: false
     0 | D:1      | 0 ||| qw: Do Orc after clearing Dungeon:15 true
     0 | D:1      | 0 ||| qw: Do second Lair branch before Depths: true
     0 | D:1      | 0 ||| qw: Lair rune preference: random
     0 | D:1      | 0 ||| qw: Goals: Normal
     0 | D:1      | 0 ||| PLANNING D:1-11
    81 | D:1      | Reached skill level 3 in Ranged Weapons
    81 | D:1      | Reached XP level 2. HP: 15/23 MP: 2/2
   272 | D:1      | You fall into a shaft and drop 1 floor!
   346 | D:2      | Found a faded altar of an unknown god.
   430 | D:2      | 430 ||| UPGRADING to +0 leather armour.
   440 | D:2      | 440 ||| DROPPING +0 robe.
   441 | D:2      | 441 ||| DROPPING scroll of poison.
   445 | D:2      | 445 ||| STAIRDANCE
   640 | D:2      | 640 ||| FLEEEEING.
   641 | D:2      | 641 ||| STAIRDANCE
   655 | D:2      | 655 ||| FLEEEEING.
   694 | D:2      | Reached XP level 3. HP: 29/29 MP: 3/3
   879 | D:2      | 879 ||| UPGRADING to +0 ring mail.
   889 | D:2      | 889 ||| DROPPING +0 leather armour.
   890 | D:2      | 890 ||| READING scroll labelled KIAHOI JARAELA.
   898 | D:2      | 898 ||| STAIRDANCE
   905 | D:2      | 905 ||| STAIRDANCE
   911 | D:1      | Reached skill level 4 in Ranged Weapons
  1260 | D:2      | 1260 ||| UPGRADING to +1 pair of boots.
  1265 | D:2      | 1265 ||| READING scroll labelled LASHRI LUR QOEHA.
  1268 | D:2      | 1268 ||| DRINKING 2 glowing inky potions.
  1273 | D:2      | 1273 ||| STAIRDANCE
  1375 | D:1      | 1375 ||| DROPPING potion of berserk rage.
  1443 | D:3      | Reached skill level 1 in Armour
  1452 | D:3      | Noticed Natasha
  1462 | D:3      | HP: 5/29 [cerulean imp/+1 spear[Natasha] (3)]
  1464 | D:3      | Killed Natasha
  1465 | D:3      | Reached XP level 4. HP: 7/36 MP: 4/4
  1537 | D:3      | Noticed Natasha
  1548 | D:3      | HP: 9/36 [Natasha (3)]
  1548 | D:3      | HP: 3/36 [Natasha/magic dart (6)]
  1550 | D:3      | Killed Natasha
  1551 | D:3      | Reached skill level 5 in Ranged Weapons
  1728 | D:3      | Found a shadowy altar of Dithmenos.
  1829 | D:3      | Reached skill level 3 in Fighting
  1829 | D:3      | Reached XP level 5. HP: 44/45 MP: 5/5
  1949 | D:3      | Noticed Terence
  1959 | D:3      | Killed Terence
  1974 | D:3      | Noticed Natasha
  1975 | D:3      | 1975 ||| FLEEEEING.
  1976 | D:3      | 1976 ||| FLEEEEING.
  2147 | D:3      | HP: 11/45 [something (3)]
  2148 | D:3      | Killed Natasha
  2471 | D:3      | 2471 ||| UPGRADING to +6 ring of dexterity.
  2472 | D:3      | 2472 ||| READING scroll labelled ZEJORA NUONEUS.
  2472 | D:3      | Identified a scroll of acquirement
  2472 | D:3      | 2472 ||| ACQUIRING +10 shortbow of Egomania {freeze, rN++
                  | Will- SInv Stlth+}
  2472 | D:3      | Acquired the +10 shortbow of Egomania {freeze, rN++ Will-
                  | SInv Stlth+}
  2474 | D:3      | 2474 ||| SWAPPING to +10 shortbow of Egomania {freeze, rN++
                  | Will- SInv Stlth+}.
  2475 | D:3      | 2475 ||| DROPPING +1 sling.
  2476 | D:3      | 2476 ||| READING scroll labelled YCENWI DEEWEIT.
  2503 | D:4      | 2503 ||| PLANNING SEWER
  2527 | D:4      | 2527 ||| Stepping ~*~*~tactically~*~*~ (outnumbered).
  2529 | D:4      | Reached skill level 6 in Ranged Weapons
  2531 | D:4      | Reached XP level 6. HP: 27/52 MP: 6/6
  2537 | D:4      | HP: 11/52 [hound (4)]
  2540 | D:4      | HP: 3/52 [orc wizard/+0 dagger (4)]
  2542 | D:4      | 2542 ||| READING scroll of teleportation.
  2544 | D:4      | Slain by a hound

Levels and vault maps discovered:
D:1:      dpeg_arrival_stone_temple_mockup, layout_rooms, st_stairs_11,
          hex_medium, serial_bayou_pond_a
D:2:      layout_loops_ring, hellmonk_ecumenical_altar_zigzags,
          skrybe_limestone_x
D:3:      layout_loops_ring, grunt_dithmenos_smoke, uniq_terence, uniq_natasha
D:4:      layout_cave_pools, mainiacjoe_overflow_surrounded_room,
          minmay_temple_entry_poolview, portal_sewer_entry_c

Skill      XL: |  1  2  3  4  5 |
---------------+----------------+-----
Ranged Weapons | 3 4 5 6 |  6.1
Fighting       | 2 3 4 |  4.0
Armour         | 1 |  1.0
Dodging        | |  2.1
Spellcasting   | |  1.0
Hexes          | |  2.0

Action                     |  1- 3 |  4- 6 || total
---------------------------+-------+-------++-------
   Fire: Sling             |   111 |    77 ||   188
         Shortbow          |       |    11 ||    11
    Use: Scroll            |     2 |     3 ||     5
         Potion            |     1 |       ||     1
 Armour: Robe              |     6 |       ||     6
         Leather armour    |     4 |       ||     4
         Ring mail         |    12 |    38 ||    50
  Dodge: Dodged            |    36 |    53 ||    89

Table legend:
 A = Non-vault XP
 B = Vault XP
 C = Vault XP percentage of total XP
 D = Non-vault monster count
 E = Vault monster count
 F = Vault count percentage of total count
                 A         B        C        D         E       F
            +---------+---------+-------+---------+---------+-------
      Total |     373 |      75 |  16.7 |      50 |       6 |  10.7
            +---------+---------+-------+---------+---------+-------
        D:1 |      33 |       6 |  15.4 |      13 |       4 |  23.5
        D:2 |      41 |       0 |   0.0 |      16 |       0 |   0.0
        D:3 |     176 |      69 |  28.2 |      15 |       2 |  11.8
        D:4 |     123 |       0 |   0.0 |       6 |       0 |   0.0
            +---------+---------+-------+---------+---------+-------
